 Dungeon Crawl Stone Soup version 0.25-a0-496-g8c4878dea3 (webtiles) character file.

Game seed: 6405567385601766978, levelgen mode: deterministic

13573 ICC the Martial Artist (level 11, -24/74 HPs)
             Began as a Vampire Transmuter on Feb 12, 2020.
             Was an Initiate of Gozag.
             Annihilated by a cyclops (29 damage)
             ... on level 12 of the Dungeon.
             The game lasted 01:22:19 (10024 turns).

ICC the Martial Artist (Vampire Transmuter)        Turns: 10024, Time: 01:22:20

Health: -24/74     AC:  2    Str: 11 (12) XL:     11   Next: 77%
Magic:  17/20      EV: 28    Int: 15 (17) God:    Gozag
Gold:   2404       SH:  0    Dex: 19      Spells: 3/22 levels left

rFire    + . .     SeeInvis +     - Unarmed
rCold    + . .     Gourm    .   (shield currently unavailable)
rNeg     . . .     Faith    .   (armour currently unavailable)
rPois    x         Spirit   .   (helmet currently unavailable)
rElec    .         Reflect  .   (cloak currently unavailable)
rCorr    .         Harm     .   (gloves currently unavailable)
MR       +....                  (boots currently unavailable)
Stlth    ++........             s - amulet of magic regeneration
HPRegen  0.42/turn              m - ring of protection from fire
MPRegen  0.42/turn              u - ring of protection from cold

@: confusing touch, spider-form, regenerating quickly
A: tiny, no food, see invisible, [frail 1]
a: Exsanguinate, End Transformation, Potion Petition, Call Merchant, Bribe
Branch, Renounce Religion


You were on level 12 of the Dungeon.
You worshipped Gozag.
Gozag was most pleased with you.
You were alive.
You were a venomous arachnid creature.
You visited 2 branches of the dungeon, and saw 13 of its levels.

You collected 2498 gold pieces.
You paid 94 gold pieces to Gozag.

Inventory:

Missiles
 a - 171 arrows
 d - 5 curare-tipped darts
 n - 63 poisoned darts
 r - 7 javelins
 x - 9 boomerangs (quivered)
Armour
 e - a +0 helmet (melded)
 f - a cursed -2 pair of boots (melded)
 i - a +0 pair of gloves (melded)
 D - a +2 cloak of invisibility (melded)
 F - a +2 robe of cold resistance (melded)
Jewellery
 m - a ring of protection from fire (left front leg)
 q - an uncursed ring of positive energy
 s - an amulet of magic regeneration (around neck)
 u - a ring of protection from cold (right front leg)
 E - an uncursed ring of positive energy
Wands
 b - a wand of disintegration (5)
 v - a wand of polymorph (5)
 B - a wand of clouds (4)
 C - a wand of random effects (25)
 G - a wand of iceblast (2)
 J - a wand of paralysis (6)
 O - a wand of scattershot (5)
Scrolls
 c - a scroll of amnesia
 g - 2 scrolls of fear
 k - 2 scrolls of blinking
 l - 2 scrolls of identify
 p - 2 scrolls of magic mapping
 t - 2 scrolls of teleportation
 w - a scroll of torment
 y - a scroll of enchant armour {unknown}
 H - 2 scrolls of fog
 I - 2 scrolls of immolation
 K - a scroll of summoning
Potions
 h - 3 potions of agility
 j - 2 potions of magic
 o - a potion of curing
 z - a potion of might
 A - 2 potions of brilliance
 L - a potion of invisibility


   Skills:
 + Level 6.6 Fighting
 + Level 8.4 Dodging
 * Level 11.6 Unarmed Combat
 - Level 6.0 Spellcasting
 + Level 9.1 Hexes
 - Level 9.0 Transmutations
   Level 3.0 Ice Magic
 - Level 1.0 Poison Magic


You had 3 spell levels left.
You knew the following spells:

 Your Spells              Type           Power        Failure   Level  Hunger
a - Dazzling Flash        Conj/Hex       ###...       19%         3    N/A
b - Sticks to Snakes      Tmut           ####....     3%          2    N/A
c - Spider Form           Tmut/Pois      ###.......   16%         3    N/A
d - Confusing Touch       Hex            ####....     5%          3    N/A
e - Blade Hands           Tmut           ####......   24%         5    N/A
f - Tukima's Dance        Hex            ####....     5%          3    N/A

Your spell library contained the following spells:

 Spells                   Type           Power        Failure   Level  Hunger
 Beastly Appendage        Tmut           ####..       3%          1    N/A
 Corona                   Hex            ####...      3%          1    N/A
 Ensorcelled Hibernation  Hex/Ice        ###...       8%          2    N/A
 Summon Guardian Golem    Hex/Summ       ###.....     19%         3    N/A
 Summon Small Mammal      Summ           #...         32%         1    N/A
 Call Imp                 Summ           #.......     43%         2    N/A
 Call Canine Familiar     Summ           #.......     63%         3    N/A
 Gell's Gravitas          Tloc           #.........   63%         3    N/A
 Yara's Violent Unravell  Hex/Tmut       ####......   24%         5    N/A
 Ice Form                 Ice/Tmut       ###.....     28%         4    N/A
 Petrify                  Tmut/Erth      ###.....     43%         4    N/A
 Metabolic Englaciation   Hex/Ice        ###.......   54%         5    N/A
 Summon Ice Beast         Ice/Summ       #.......     80%         4    N/A
 Summon Lightning Spire   Summ/Air       #.......     93%         4    N/A

Dungeon Overview and Level Annotations

Branches:
Dungeon (12/15)            Temple (1/1) D:5            Lair (0/6) D:10
    Orc: D:9-12

Altars:
Ashenzari
Cheibriados
Dithmenos
Elyvilon
Fedhas
Gozag
Hepliaklqana
Kikubaaqudgha
Makhleb
Nemelex Xobeh
Okawaru
Qazlal
Ru
Sif Muna
Trog
Uskayaw
Vehumet
Wu Jian
Xom
Yredelemnul
Zin
The Shining One

Shops:
D:4 *   D:8 (


Innate Abilities, Weirdness & Mutations

You do not eat.
Your natural rate of healing is unusually fast.
((You have razor-sharp teeth.))
You have supernaturally acute eyesight. (SInv)
((You can survive without breathing.))
[You are frail. (-10% HP)]


Message History

Confirm with . or Enter, or press ? or * to list all spells.
You turn into a venomous arachnid creature.
Your +2 cloak of invisibility melds into your body.
Your +0 helmet melds into your body.
Your +0 pair of gloves melds into your body.
Your cursed -2 pair of boots melds into your body.
Your +2 robe of cold resistance melds into your body.
You feel less resistant to cold.
The cyclops throws a large rock.
The large rock closely misses you. The cyclops hits you!!
You hit the cyclops but do no damage. The cyclops hits you!!
* * * LOW HITPOINT WARNING * * *
You are too injured to fight recklessly!
You hit the cyclops but do no damage. You hit the cyclops but do no damage.
The cyclops hits you!
* * * LOW HITPOINT WARNING * * *
You hit the cyclops but do no damage. You hit the cyclops but do no damage.
The cyclops hits you!!
You die...
Your body crumbles into a pile of gold.

$
##########.#
#...C......#
#...s.#
#####.# #
#(# .#
#.#####.#
#...§§..##
#..§§§≈..##
#...§≈≈....
#...§§≈..#
#####
#...§≈§..#


You could see a cyclops.

Vanquished Creatures
  A frost giant (D:11)
  An ice dragon (D:11)
  A two-headed ogre (D:8)
  Pikel (D:4)
  An ugly thing (D:11)
  An ice statue (D:11)
  A hornet (D:11)
  A troll (D:11)
  Sigmund (D:6)
  9 yaks
  A wyvern (D:10)
  A water elemental (D:11)
  A steam dragon (D:9)
  A hungry ghost (D:8)
  Menkaure (D:6)
  A water moccasin (D:4)
  6 orc warriors
  3 slaves (D:4)
  2 sky beasts (D:6)
  17 ice beasts
  A necrophage (D:10)
  8 ogres
  5 centaurs
  Blork the orc (D:6)
  2 big kobolds
  6 bullfrogs
  A gnoll sergeant (D:9)
  A water moccasin zombie (D:8)
  3 scorpions
  10 wights
  8 electric eels (D:11)
  A centaur zombie (D:8)
  4 crimson imps
  A lava snake (D:12)
  A bullfrog zombie (D:10)
  2 quasits
  2 jellies
  Crazy Yiuf (D:5)
  A gnoll shaman (D:4)
  6 hounds
  3 iron imps (D:9)
  6 orc priests
  8 orc wizards
  Jessica (D:2)
  3 iguanas
  14 worker ants
  A killer bee zombie (D:9)
  A hound zombie (D:6)
  A howler monkey zombie (D:8)
  A worker ant zombie (D:10)
  Robin (D:2)
  12 adders
  17 gnolls
  A howler monkey skeleton (D:5)
  A shadow imp (D:6)
  An ooze (D:1)
  2 adder skeletons (D:5)
  2 worms
  2 dart slugs
  5 leopard geckos
  33 orcs
  4 giant cockroaches
  18 goblins
  4 hobgoblins
  18 jackals
  7 quokkas
  3 ball pythons
  3 bats
  9 frilled lizards
  22 kobolds
  A leopard gecko skeleton (D:8)
  8 rats
330 creatures vanquished.

Vanquished Creatures (collateral kills)
  Joseph (D:8)
  A bullfrog zombie (D:10)
  A worker ant (D:4)
  A gnoll (D:4)
  An orc (D:12)
  A frilled lizard (D:4)
  A kobold (D:10)
7 creatures vanquished.

Vanquished Creatures (others)
  2 dancing weapons (D:9)
  A slave (D:4)
  A quokka (D:4)
4 creatures vanquished.

Grand Total: 341 creatures vanquished

Notes
Turn   | Place    | Note
-------+----------+-------------------------------------------
     0 | D:1      | ICC the Vampire Transmuter began the quest for the Orb.
     0 | D:1      | Reached XP level 1. HP: 14/14 MP: 3/3
    35 | D:1      | Reached skill level 1 in Fighting
    43 | D:1      | Reached XP level 2. HP: 21/21 MP: 5/5
    55 | D:1      | Learned a level 2 spell: Sticks to Snakes
   679 | D:1      | Reached XP level 3. HP: 26/26 MP: 4/6
   684 | D:1      | Learned a level 3 spell: Spider Form
  1022 | D:2      | Noticed Jessica
  1063 | D:2      | Killed Jessica
  1063 | D:2      | Reached skill level 4 in Unarmed Combat
  1112 | D:2      | Noticed Robin
  1148 | D:2      | Reached XP level 4. HP: 30/32 MP: 0/7
  1156 | D:2      | Killed Robin
  1290 | D:2      | Reached skill level 1 in Poison Magic
  1618 | D:2      | Found a glowing golden altar of the Shining One.
  1711 | D:3      | Reached XP level 5. HP: 38/38 MP: 1/8
  2214 | D:3      | Reached skill level 5 in Unarmed Combat
  2515 | D:4      | Noticed a slave
  2515 | D:4      | Noticed a slave
  2530 | D:3      | Reached XP level 6. HP: 39/44 MP: 9/9
  2620 | D:4      | Noticed a slave
  2621 | D:4      | Noticed a slave
  2636 | D:4      | Killed a slave
  2659 | D:4      | Killed a slave
  2667 | D:4      | Killed a slave
  2696 | D:4      | Noticed Pikel
  2712 | D:4      | Killed Pikel
  2712 | D:4      | Reached skill level 6 in Unarmed Combat
  2712 | D:4      | Reached XP level 7. HP: 28/52 MP: 10/10
  2718 | D:4      | Learned a level 3 spell: Confusing Touch
  2794 | D:4      | Reached skill level 1 in Hexes
  2856 | D:4      | Found Xaudus's Serpentskin Sales.
  2866 | D:4      | Reached XP level 8. HP: 54/58 MP: 10/12
  2968 | D:4      | Reached skill level 7 in Unarmed Combat
  2978 | D:4      | Learned a level 4 spell: Ice Form
  2983 | D:4      | Found a snail-covered altar of Cheibriados.
  3189 | D:5      | Entered Level 5 of the Dungeon
  3195 | D:5      | Reached skill level 5 in Dodging
  3195 | D:5      | Reached skill level 5 in Transmutations
  3195 | D:5      | Reached skill level 1 in Ice Magic
  3240 | D:5      | Found a sparkling altar of Nemelex Xobeh.
  3298 | D:5      | Found a staircase to the Ecumenical Temple.
  3325 | D:5      | Found a bloodstained altar of Trog.
  3371 | Temple   | Entered the Ecumenical Temple
  3379 | Temple   | Became a worshipper of Gozag Ym Sagoz the Greedy
  3655 | D:5      | Found a hide-covered altar of Uskayaw.
  3889 | D:5      | Found a runed translucent door.
  3890 | D:5      | Noticed Crazy Yiuf
  3900 | D:5      | Killed Crazy Yiuf
  4161 | D:6      | Noticed Blork the orc
  4299 | D:6      | Killed Blork the orc
  4305 | D:6      | Reached XP level 9. HP: 43/65 MP: 9/13
  4313 | D:6      | Reached skill level 8 in Unarmed Combat
  4724 | D:6      | Noticed Sigmund
  4737 | D:6      | Killed Sigmund
  4832 | D:6      | Noticed Menkaure
  4847 | D:6      | Killed Menkaure
  5369 | D:7      | Reached skill level 9 in Unarmed Combat
  5391 | D:7      | Got a polished long sword
  5391 | D:7      | Identified the +3 long sword of Gallantry {flame, rF+ rC+
                  | rN+ Dex-4} (You found it on level 7 of the Dungeon)
  5453 | D:7      | Found a sacrificial altar of Ru.
  5599 | D:8      | Learned a level 3 spell: Tukima's Dance
  5629 | D:8      | Noticed a two-headed ogre
  5641 | D:8      | Killed a two-headed ogre
  5641 | D:8      | Reached skill level 5 in Spellcasting
  5641 | D:8      | Reached skill level 5 in Hexes
  5641 | D:8      | Reached XP level 10. HP: 66/73 MP: 10/17
  5720 | D:8      | Learned a level 3 spell: Dazzling Flash
  5828 | D:8      | Found a blossoming altar of Fedhas.
  5905 | D:8      | Learned a level 5 spell: Blade Hands
  6022 | D:8      | Noticed Joseph
  6043 | D:8      | Killed Joseph
  6115 | D:8      | Found Wanimaun's Antique Weapon Emporium.
  6405 | D:9      | Found a burning altar of Makhleb.
  6504 | D:9      | Reached skill level 5 in Fighting
  6873 | D:10     | Entered Level 10 of the Dungeon
  7044 | D:10     | Found a staircase to the Lair.
  7142 | D:10     | Reached skill level 10 in Unarmed Combat
  7207 | D:10     | Reached XP level 11. HP: 80/80 MP: 18/20
  7515 | D:11     | Noticed a red ugly thing
  7527 | D:11     | Killed a red ugly thing
  7615 | D:11     | HP: 2/81 [electric eel/bolt of electricity (12)]
  8014 | D:11     | Noticed a frost giant
  9236 | D:11     | Killed a frost giant
  9236 | D:11     | Reached skill level 11 in Unarmed Combat
  9572 | D:11     | Noticed an ice dragon
  9592 | D:11     | Killed an ice dragon
 10024 | D:12     | Annihilated by a cyclops

Levels and vault maps discovered:
D:1:      shiori_shiawase, layout_basic, serial_bayou, serial_bayou_pond_d,
          serial_bayou_pond_d, serial_bayou_pond_c, serial_bayou_lagoon_b,
          chequers_jeans
D:2:      layout_loops_cross, lemuel_coloured_pillars_altar, first_ration,
          st_stairs_3, uniq_jessica, uniq_robin
D:3:      layout_basic, minmay_misc_feat_pillars
D:4:      layout_rooms, kennysheep_slug_shrine, guppyfry_shop_venom, uniq_pikel
D:5:      layout_rooms, nicolae_overflow_hidden_temple,
          eat_drink_and_be_merry_uskayaw, overflow_temple_1_default,
          temple_fountains, uniq_crazy_yiuf_cottage
D:6:      layout_basic, minmay_misc_feat_hallway, uniq_sigmund, uniq_menkaure,
          uniq_blork_the_orc
D:7:      layout_rooms, lemuel_crystal_altar
D:8:      layout_loops_cross, overflow_temple_1_default, serial_shops,
          nicolae_shop_trees, uniq_joseph
D:9:      layout_rooms, demons_altar
D:10:     layout_small_grid, lair_entry_dummy
D:11:     minmay_twisted_water, layout_gridville
D:12:     layout_basic, orc_0_dummy
Temple:   dpeg_chambers_temple

Skill      XL: |  1  2  3  4  5  6  7  8  9 10 11 |
---------------+----------------------------------+-----
Fighting       | 1 2 3 4 5 6 |  6.6
Unarmed Combat | 4 5 6 7 9 10 11 | 11.6
Poison Magic   | 1 |  1.0
Dodging        | 3 4 5 6 7 8 |  8.4
Transmutations | 3 4 5 6 9 |  9.0
Hexes          | 3 4 5 7 9 |  9.1
Spellcasting   | 3 5 6 |  6.0
Ice Magic      | 3 |  3.0

Action                   |  1- 3 |  4- 6 |  7- 9 | 10-12 || total
-------------------------+-------+-------+-------+-------++-------
Melee: Unarmed           |    96 |   184 |   367 |   483 ||  1130
       Headbutt          |     7 |       |       |       ||     7
       Kick              |     7 |    18 |    40 |       ||    65
       Bite              |     4 |    13 |    11 |    46 ||    74
       Punch             |     3 |     4 |     2 |    10 ||    19
       Long sword        |       |       |     1 |       ||     1
Throw: Stone             |    29 |    54 |    18 |       ||   101
       Dart              |     2 |     5 |    45 |     4 ||    56
       Boomerang         |       |       |       |    35 ||    35
 Cast: Beastly Appendage |    16 |    19 |    20 |       ||    55
       Spider Form       |     1 |     5 |    24 |    12 ||    42
       Sticks to Snakes  |     1 |       |     7 |     4 ||    12
       Confusing Touch   |       |       |     3 |    16 ||    19
       Tukima's Dance    |       |       |     1 |    22 ||    23
       Blade Hands       |       |       |       |    18 ||    18
       Dazzling Flash    |       |       |       |     2 ||     2
       Ice Form          |       |       |       |     1 ||     1
Invok: Potion Petition   |       |       |       |     1 ||     1
 Abil: Bat Form          |       |       |       |     1 ||     1
       Exsanguinate      |       |       |       |     1 ||     1
       Revivify          |       |       |       |     1 ||     1
Evoke: Wand              |       |       |       |    44 ||    44
  Use: Potion            |     2 |       |       |     9 ||    11
       Scroll            |       |       |     7 |    10 ||    17
 Stab: Sleeping          |     1 |       |     1 |     2 ||     4
       Confused          |       |       |     5 |     6 ||    11
       Distracted        |       |       |       |     2 ||     2
       Invisible         |       |       |       |     3 ||     3
Armor: Robe              |    21 |    13 |    30 |    46 ||   110
       Skin              |       |     3 |     4 |     3 ||    10
Dodge: Dodged            |    55 |   115 |   317 |   308 ||   795

Table legend:
 A = Non-vault XP
 B = Vault XP
 C = Vault XP percentage of total XP
 D = Non-vault monster count
 E = Vault monster count
 F = Vault count percentage of total count
                 A         B        C        D         E       F
            +---------+---------+-------+---------+---------+-------
      Total |   12402 |    6989 |  36.0 |     287 |      47 |  14.1
            +---------+---------+-------+---------+---------+-------
        D:1 |      51 |       0 |   0.0 |      28 |       0 |   0.0
        D:2 |      43 |      81 |  65.3 |      14 |      17 |  54.8
        D:3 |     210 |       0 |   0.0 |      28 |       0 |   0.0
        D:4 |     595 |     847 |  58.7 |      22 |       4 |  15.4
        D:5 |     444 |      42 |   8.6 |      17 |       1 |   5.6
        D:6 |    1231 |     498 |  28.8 |      34 |       3 |   8.1
        D:7 |     501 |       0 |   0.0 |      21 |       0 |   0.0
        D:8 |    1902 |     305 |  13.8 |      24 |       1 |   4.0
        D:9 |    2107 |     122 |   5.5 |      32 |       3 |   8.6
       D:10 |    2731 |       0 |   0.0 |      39 |       0 |   0.0
       D:11 |    2125 |    5094 |  70.6 |      21 |      18 |  46.2
       D:12 |     462 |       0 |   0.0 |       7 |       0 |   0.0
            +---------+---------+-------+---------+---------+-------
